 Dungeon Crawl Stone Soup version 0.22.1-2-g9c5b331383 (webtiles) character file.

28584 PentaManta the Spry (level 13, -8/65 HPs)
             Began as a Spriggan Assassin on Nov 23, 2018.
             Was a High Priest of Dithmenos.
             Engulfed by an ice statue's freezing vapour (24 damage)
             ... in an ice cave.
             The game lasted 01:22:14 (16303 turns).

PentaManta the Spry (Spriggan Assassin)            Turns: 16303, Time: 01:22:15

Health: -8/65      AC: 10    Str:  7    XL:     13   Next: 10%
Magic:  14/14      EV: 37    Int: 12    God:    Dithmenos [*****.]
Gold:   211        SH:  0    Dex: 23    Spells: 12/12 levels left

rFire    + . .     SeeInvis +   c - +1 rapier
rCold    . . .     Gourm    .   (shield restricted)
rNeg     . . .     Faith    .   m - +2 robe {MR+}
rPois    +         Spirit   .   (helmet restricted)
rElec    .         Reflect  +   d - +2 cloak
rCorr    +         Harm     .   (gloves unavailable)
MR       +++..                  (boots unavailable)
Stlth    ++........             D - +3 amulet of reflection
HPRegen  0.20/turn              v - ring of resist corrosion
MPRegen  0.14/turn              p - ring of protection from fire

@: confused, silence, wreathed by umbra, very quick
A: very small, unfitting armour, horns 1, molten scales 1, slimy green scales 1,
see invisible, deformed body, herbivore, speed 3, poison resistance, slow
metabolism 2
a: Renounce Religion


You were in an ice cave.
You worshipped Dithmenos.
Dithmenos was extremely pleased with you.
You were hungry.

You visited 3 branches of the dungeon, and saw 14 of its levels.
You also visited: Ice Cave.

You collected 802 gold pieces.
You spent 591 gold pieces at shops.

Inventory:

Hand Weapons
 b - a +0 blowgun
 c - a +1 rapier (weapon)
 x - the +0 dagger "Eclop" {pierce, rC+ Dex+3 SInv}
   (You found it on level 7 of the Dungeon)

   It inflicts extra damage upon your enemies.
   It affects your dexterity (+3).
   It protects you from cold.
   It lets you see invisible.
Missiles
 e - 54 poisoned needles
 f - 2 curare-tipped needles
Armour
 d - a +2 cloak (worn)
 m - a +2 robe of magic resistance (worn)
Jewellery
 p - a ring of protection from fire (right hand)
 t - an uncursed ring of magical power
 v - a ring of resist corrosion (left hand)
 y - a +2 ring of strength
 D - a +3 amulet of reflection (around neck)
Wands
 a - a wand of scattershot (3)
 r - a wand of polymorph (24)
 u - a wand of random effects (19)
 A - a wand of digging (10)
 B - a wand of paralysis (5)
 F - a wand of disintegration (4)
Scrolls
 i - a scroll of fear
 j - 3 scrolls of amnesia
 k - 3 scrolls of teleportation
 l - 2 scrolls of fog
 s - a scroll of silence
 w - 4 scrolls of remove curse
 E - a scroll of enchant armour
 G - a scroll of magic mapping
 I - a scroll of identify
Potions
 h - a potion of haste
 n - 4 potions of curing
 o - a potion of flight
 q - 3 potions of lignification
 z - a potion of berserk rage
 K - a potion of invisibility
 N - a potion of mutation
 O - 2 potions of agility
Miscellaneous
 L - a phial of floods
Comestibles
 g - 11 rations


   Skills:
 - Level 6.0 Fighting
 - Level 11.0 Short Blades
 - Level 2.0 Throwing
 + Level 19.1 Dodging
 * Level 15.6 Stealth


You had 12 spell levels left.
You didn't know any spells.
Your spell library contained the following spells:

 Spells                   Type           Power        Failure   Level  Hunger
 Animate Skeleton         Necr           N/A          32%         1    ##.....
 Apportation              Tloc           #.....       32%         1    ##.....
 Beastly Appendage        Tmut           #.....       32%         1    ##.....
 Confusing Touch          Hex            #.....       32%         1    ##.....
 Magic Dart               Conj           #...         32%         1    ##.....
 Summon Small Mammal      Summ           #...         32%         1    ##.....
 Blink                    Tloc           N/A          45%         2    ###....
 Call Imp                 Summ           #.......     45%         2    ###....
 Slow                     Hex            #.......     45%         2    ###....
 Sticks to Snakes         Tmut           #.......     45%         2    ###....
 Conjure Flame            Conj/Fire      #.......     69%         3    ####...
 Mephitic Cloud           Conj/Pois/Air  #.......     69%         3    ####...
 Spider Form              Tmut/Pois      #.........   69%         3    ####...
 Ice Form                 Ice/Tmut       #.......     97%         4    #####..
 Blade Hands              Tmut           #.........   100%        5    ######.


Dungeon Overview and Level Annotations

Branches:
Dungeon (11/15)            Temple (1/1) D:7            Lair (2/6) D:10
    Orc (0/2) D:11
  Swamp: Lair:2-4    Shoals: Lair:2-4     Snake: Lair:2-4    Spider: Lair:2-4

Altars:
Ashenzari
Cheibriados
Dithmenos
Elyvilon
Fedhas
Gozag
Hepliaklqana
Kikubaaqudgha
Makhleb
Nemelex Xobeh
Okawaru
Qazlal
Ru
Sif Muna
Trog
Uskayaw
Vehumet
Wu Jian
Xom
Yredelemnul
Zin
The Shining One

Shops:
D:6 [   D:9 ?   D:11 !

Annotations:
IceCv exclusion: 3 ice statues


Innate Abilities, Weirdness & Mutations

You are very small and have problems with some larger weapons.
You are too small for most types of armour.
You have supernaturally acute eyesight. (SInv)
You are a herbivore.
You cover ground extremely quickly.
You need to consume almost no food.
You have a pair of small horns on your head.
You are partially covered in molten scales. (AC +2)
You are partially covered in slimy green scales. (AC +2)
Armour fits poorly on your strangely shaped body.
Your system is resistant to poisons. (rPois)


Message History

The ice statue gestures at you. The freezing blast misses you.
You block the ice beast's attack. x2
The ice beast completely misses you. The ice beast hits you.
The ice beast freezes you!
You hit the ice statue but do no damage.
The ice statue is heavily damaged.
Your shadow hits the ice statue but does no damage.
You are engulfed in freezing vapours.
The ice statue glitters chillingly in the dim dungeon light.
The ice statue gestures.
You hit the ice statue but do no damage.
The ice statue is heavily damaged.
Your shadow hits the ice statue but does no damage.
You are engulfed in freezing vapours.
* * * LOW HITPOINT WARNING * * *
The ice beast closely misses you. The ice beast completely misses you. x3
Okay, then.
You are confused.
You feel invigorated.
You are engulfed in freezing vapours.
You die...

##.....##
##.......##
#.........#
#.........#
#........[#
#(........#
#.......?.#
#####§#####
#8@YY....8#
#YYY§§....#
#§Y§§.....#
#§§§§.....#
#.........#
##.......##
##.....##
###8### .u.


You could see 3 ice statues and 6 ice beasts.

Vanquished Creatures
  Harold (Lair:1)
  A two-headed ogre (D:10)
  Nergalle (D:10)
  A skeletal warrior (D:10)
  Pikel (D:9)
  2 ugly things
  A deep elf mage (D:11)
  A cyclops (D:11)
  A black mamba (Lair:2)
  Joseph (D:10)
  The ghost of bananovenc the Chopper, a novice HOFi of Beogh (D:5)
  Prince Ribbit (D:6)
  A hornet (D:7)
  Grinder (D:6)
  4 hippogriffs
  Sigmund (D:4)
  A spriggan (D:7)
  2 wyverns
  A wraith (D:11)
  16 yaks
  A vampire (D:11)
  2 hungry ghosts
  2 water moccasins
  9 ice beasts
  5 orc warriors
  A sky beast (D:8)
  2 black bears
  2 necrophages (D:11)
  2 phantoms
  4 ogres
  5 centaurs
  3 crocodiles
  10 bullfrogs
  2 big kobolds
  A wyvern zombie (D:11)
  A wyvern skeleton (D:9)
  7 scorpions
  3 killer bees (D:9)
  10 wights
  2 howler monkeys (D:8)
  2 bullfrog zombies
  5 crimson imps
  2 centaur zombies
  2 hounds
  6 orc priests
  3 centaur skeletons
  3 jellies
  9 orc wizards
  Ijyb (D:5)
  6 iguanas
  6 worker ants
  A hound skeleton (D:5)
  4 worker ant zombies
  10 adders
  A shadow imp (D:11)
  An ooze (D:4)
  An adder zombie (D:5)
  2 worms
  A dart slug (D:1)
  9 leopard geckos
  34 orcs
  8 giant cockroaches
  11 goblins
  13 hobgoblins
  10 jackals
  18 kobolds
  4 quokkas
  A ball python (D:5)
  3 bats
  7 frilled lizards
  A leopard gecko skeleton (D:5)
  9 rats
  A bush (D:11)
309 creatures vanquished.

Vanquished Creatures (others)
  2 slaves (D:9)
  3 killer bees (D:9)
5 creatures vanquished.

Grand Total: 314 creatures vanquished

Notes
Turn   | Place    | Note
-------+----------+-------------------------------------------
     0 | D:1      | PentaManta the Spriggan Assassin began the quest for the
                  | Orb.
     0 | D:1      | Reached XP level 1. HP: 10/10 MP: 2/2
    80 | D:1      | Reached XP level 2. HP: 10/14 MP: 3/3
   907 | D:1      | Reached XP level 3. HP: 18/18 MP: 4/4
  2001 | D:3      | Found a shadowy altar of Dithmenos.
  2202 | D:3      | Became a worshipper of Dithmenos the Shadowed
  2444 | D:3      | Reached XP level 4. HP: 22/22 MP: 5/5
  2630 | D:3      | Found a glowing silver altar of Zin.
  2908 | D:4      | Reached * piety under Dithmenos
  2955 | D:4      | Gained mutation: Your spells are a little easier to cast,
                  | but a little less powerful. [potion of mutation]
  2955 | D:4      | Lost mutation: Your spells are a little easier to cast, but
                  | a little less powerful. [potion of mutation]
  3194 | D:4      | Reached XP level 5. HP: 25/25 MP: 6/6
  3477 | D:4      | Noticed Sigmund
  3481 | D:4      | Killed Sigmund
  3481 | D:4      | Reached XP level 6. HP: 30/30 MP: 7/7
  3565 | D:5      | Entered Level 5 of the Dungeon
  4109 | D:5      | Noticed Ijyb
  4110 | D:5      | Killed Ijyb
  4110 | D:5      | Reached skill level 2 in Dodging
  4162 | D:5      | Reached skill level 3 in Dodging
  4200 | D:5      | Reached XP level 7. HP: 10/33 MP: 8/8
  4514 | D:5      | Found a runed gate.
  4514 | D:5      | Found a runed gate.
  4514 | D:5      | Found a runed gate.
  4516 | D:5      | Noticed bananovenc's ghost (novice HOFi)
  4541 | D:5      | Reached skill level 4 in Dodging
  5042 | D:5      | Reached skill level 5 in Dodging
  5184 | D:5      | Gained mutation: You are weak. (Str -2) [potion of
                  | mutation]
  5184 | D:5      | Gained mutation: You are robust. (+10% HP) [potion of
                  | mutation]
  5184 | D:5      | Gained mutation: You possess an exceptional clarity of
                  | mind. [potion of mutation]
  5184 | D:5      | Gained mutation: You expend magic power (3 MP) to
                  | strengthen your wands. [potion of mutation]
  5185 | D:5      | Lost mutation: You possess an exceptional clarity of mind.
                  | [potion of mutation]
  5185 | D:5      | Lost mutation: You are weak. (Str -2) [potion of mutation]
  5185 | D:5      | Lost mutation: You are robust. (+10% HP) [potion of
                  | mutation]
  5185 | D:5      | Gained mutation: You are partially covered in molten
                  | scales. (AC +2) [potion of mutation]
  5185 | D:5      | Gained mutation: You have a pair of small horns on your
                  | head. [potion of mutation]
  5185 | D:5      | Gained mutation: You are mostly covered in molten scales.
                  | (AC +3) [potion of mutation]
  5348 | D:5      | Killed bananovenc's ghost
  5348 | D:5      | Reached skill level 8 in Dodging
  5354 | D:5      | Reached ** piety under Dithmenos
  5386 | D:5      | Reached XP level 8. HP: 33/37 MP: 7/9
  5481 | D:6      | Reached skill level 9 in Dodging
  5496 | D:6      | Noticed Prince Ribbit
  5502 | D:6      | Killed Prince Ribbit
  5502 | D:6      | Reached skill level 10 in Dodging
  5611 | D:6      | Noticed Grinder
  5615 | D:6      | Killed Grinder
  5615 | D:6      | Reached skill level 11 in Dodging
  5860 | D:6      | Reached skill level 12 in Dodging
  6085 | D:6      | Found Poblyeta's Armour Shoppe.
  6094 | D:6      | Bought a +2 robe of magic resistance for 194 gold pieces
  6154 | D:6      | Found a bloodstained altar of Trog.
  6526 | D:7      | Got a twisted dagger
  6527 | D:7      | Identified the cursed +0 dagger "Eclop" {pierce, rC+ Dex+3
                  | SInv} (You found it on level 7 of the Dungeon)
  6599 | D:7      | Reached XP level 9. HP: 41/41 MP: 10/10
  6707 | D:7      | Reached skill level 13 in Dodging
  6929 | D:7      | Reached skill level 14 in Dodging
  7153 | D:7      | Found a staircase to the Ecumenical Temple.
  7159 | Temple   | Entered the Ecumenical Temple
  7668 | D:8      | Reached *** piety under Dithmenos
  7670 | D:8      | Reached skill level 15 in Dodging
  8121 | D:9      | Reached skill level 5 in Short Blades
  8123 | D:9      | Reached XP level 10. HP: 49/49 MP: 11/11
  8159 | D:9      | Found a white marble altar of Elyvilon.
  8161 | D:9      | Found an iron altar of Okawaru.
  8163 | D:9      | Found a blossoming altar of Fedhas.
  8168 | D:9      | Noticed Pikel
  8199 | D:9      | Killed Pikel
  8267 | D:9      | Found Juahob's Magic Scroll Shop.
  8270 | D:9      | Bought a scroll of identify for 28 gold pieces
  8270 | D:9      | Bought a scroll of blinking for 105 gold pieces
  8270 | D:9      | Bought a scroll of identify for 28 gold pieces
  8270 | D:9      | Bought a scroll of identify for 28 gold pieces
  8700 | D:9      | Found a deep blue altar of Sif Muna.
  8790 | D:9      | Lost mutation: You expend magic power (3 MP) to strengthen
                  | your wands. [potion of mutation]
  8790 | D:9      | Lost mutation: You have a pair of small horns on your head.
                  | [potion of mutation]
  8790 | D:9      | Gained mutation: You are agile. (Dex +2) [potion of
                  | mutation]
  8790 | D:9      | Lost mutation: You are agile. (Dex +2) [potion of mutation]
  8790 | D:9      | Gained mutation: You passively map a small area around you.
                  | [potion of mutation]
  9300 | D:10     | Entered Level 10 of the Dungeon
  9351 | D:10     | Noticed Joseph
  9368 | D:10     | Killed Joseph
  9383 | D:10     | Lost mutation: You are mostly covered in molten scales. (AC
                  | +3) [potion of mutation]
  9383 | D:10     | Lost mutation: You passively map a small area around you.
                  | [potion of mutation]
  9383 | D:10     | Gained mutation: Armour fits poorly on your strangely
                  | shaped body. [potion of mutation]
  9383 | D:10     | Gained mutation: Your system is resistant to poisons.
                  | (rPois) [potion of mutation]
  9383 | D:10     | Gained mutation: You have a pair of small horns on your
                  | head. [potion of mutation]
  9383 | D:10     | Gained mutation: You are partially covered in slimy green
                  | scales. (AC +2) [potion of mutation]
  9396 | D:10     | Noticed Nergalle
  9405 | D:11     | Found Iskurof's Distillery.
  9405 | D:11     | Noticed a skeletal warrior
  9405 | D:11     | Noticed a skeletal warrior
  9405 | D:11     | Noticed a skeletal warrior
  9405 | D:11     | Noticed a skeletal warrior
  9405 | D:11     | Noticed a skeletal warrior
  9494 | D:10     | Killed Nergalle
  9494 | D:10     | Reached skill level 5 in Fighting
  9506 | D:10     | Noticed a two-headed ogre
  9511 | D:10     | Killed a two-headed ogre
  9566 | D:10     | Reached **** piety under Dithmenos
  9620 | D:10     | Reached XP level 11. HP: 56/56 MP: 12/12
  9749 | D:10     | Found a staircase to the Lair.
 10060 | D:11     | Reached skill level 10 in Short Blades
 10098 | Lair:1   | Entered Level 1 of the Lair of Beasts
 10532 | Lair:1   | Noticed Harold
 11006 | D:10     | Killed a skeletal warrior
 11210 | Lair:1   | HP: 1/56 [yak (2)]
 12038 | D:11     | Found a blossoming altar of Fedhas.
 12506 | D:11     | Noticed a deep elf mage
 12527 | D:11     | Killed a deep elf mage
 12554 | D:11     | Noticed a red ugly thing
 12598 | D:11     | Killed a red ugly thing
 13074 | D:11     | Found a staircase to the Orcish Mines.
 13191 | D:11     | Bought a potion of haste for 130 gold pieces
 13191 | D:11     | Bought a potion of curing for 39 gold pieces
 13191 | D:11     | Bought a potion of flight for 39 gold pieces
 13375 | D:11     | Reached ***** piety under Dithmenos
 14751 | Lair:1   | Reached skill level 16 in Dodging
 14913 | Lair:1   | Killed Harold
 15332 | Lair:2   | Reached skill level 15 in Stealth
 15336 | Lair:2   | Reached XP level 12. HP: 61/61 MP: 13/13
 15364 | Lair:2   | Found a frozen archway.
 15373 | IceCv    | Entered an ice cave
 15600 | IceCv    | HP: 1/61 [white ugly thing (16)]
 15923 | IceCv    | Reached skill level 19 in Dodging
 15923 | IceCv    | Reached XP level 13. HP: 65/65 MP: 14/14
 16303 | IceCv    | Engulfed by an ice statue's freezing vapour

Skill      XL: |  1  2  3  4  5  6  7  8  9 10 11 12 |
---------------+-------------------------------------+-----
Stealth        | 6 7 8 9 11 12 15 | 15.6
Dodging        | 3 8 12 15 16 19 | 19.1
Fighting       | 3 5 6 |  6.0
Short Blades   | 5 9 11 | 11.0
Throwing       | |  2.0

Action                   |  1- 3 |  4- 6 |  7- 9 | 10-12 | 13-15 || total
-------------------------+-------+-------+-------+-------+-------++-------
Melee: Dagger            |   159 |   135 |   294 |   208 |       ||   796
       Headbutt          |       |       |   103 |   351 |    34 ||   488
       Rapier            |       |       |   124 |  1188 |   124 ||  1436
 Fire: Blowgun           |       |       |    12 |     7 |       ||    19
Evoke: Wand              |       |       |     1 |    17 |     5 ||    23
  Use: Scroll            |       |    12 |     9 |     9 |     3 ||    33
       Potion            |       |     1 |     2 |    10 |     2 ||    15
 Stab: Sleeping          |    23 |    25 |    28 |    34 |       ||   110
       Paralysed         |       |       |     2 |     1 |       ||     3
       Distracted        |       |       |     1 |     5 |     1 ||     7
  Eat: Ration            |       |     1 |     2 |     5 |       ||     8
Armor: Robe              |    25 |     4 |    28 |    66 |     5 ||   128
Dodge: Dodged            |    94 |    90 |   297 |  1141 |   134 ||  1756
Block: Other             |       |       |    16 |   123 |    15 ||   154
       Reflection        |       |       |     1 |     1 |       ||     2
